 Dungeon Crawl Stone Soup version 0.20-a0-809-gaf7f668 (webtiles) character file.

4858 polly the Blocker (level 10, 0/61 HPs)
             Began as a Gargoyle Fighter on Mar 3, 2017.
             Was an Elder of Okawaru.
             Killed by Freeze
             ... invoked by ktulu8bugs's ghost
              (19 damage)
             ... on level 8 of the Dungeon.
             The game lasted 00:13:44 (9307 turns).

polly the Blocker (Gargoyle Fighter)                Turns: 9307, Time: 00:13:45

Health: 0/61       AC: 20    Str: 19    XL:     10   Next: 50%
Magic:  10/10      EV:  8    Int: 10    God:    Okawaru [****..]
Gold:   317        SH: 11    Dex: 12    Spells: 9/9 levels left

rFire    . . .     SeeInvis .   b - +2 flail (crush)
rCold    . . .     Gourm    .   v - +0 chain mail
rNeg     + . .     Faith    .   c - +0 shield
rPois    ∞         Spirit   .   (no helmet)
rElec    +         Reflect  .   g - +0 cloak
rCorr    .         Harm     .   x - +0 pair of gloves
MR       .....                  (no boots)
Stlth    ..........             D - amulet of regeneration
Regen    0.6/turn               (no ring)
MPRegen  0.2/turn               o - ring of wizardry

@: no status effects
A: negative energy resistance 1, electricity resistance, unbreathing,
petrification resistance, rot immunity, AC +7
a: Heroism, Renounce Religion


You were on level 8 of the Dungeon.
You worshipped Okawaru.
Okawaru was greatly pleased with you.
You were not hungry.

You visited 1 branch of the dungeon, and saw 8 of its levels.
You also visited: Sewer.

You collected 317 gold pieces.

Inventory:

Hand Weapons
 b - a +2 flail of crushing (weapon)
Armour
 c - a +0 shield (worn)
 g - a +0 cloak (worn)
 v - a +0 chain mail (worn)
 x - a +0 pair of gloves (worn)
Jewellery
 a - a cursed ring of loudness {unknown}
 o - a ring of wizardry (left hand)
 D - an amulet of regeneration (around neck)
Scrolls
 e - 4 scrolls of remove curse
 h - 3 scrolls of teleportation
 p - a scroll of magic mapping
 r - 4 scrolls of immolation
 s - 2 scrolls of amnesia
 t - 2 scrolls of enchant weapon
 y - a scroll of enchant armour
 z - 3 scrolls of fear
Potions
 d - 3 potions of heal wounds
 j - a potion of haste
 l - 3 potions of might
 m - a potion of berserk rage
 q - a potion of curing
 u - 3 potions of magic
 w - 2 potions of agility
 B - a potion of flight {unknown}
Comestibles
 f - 7 bread rations
 i - 2 meat rations
 k - a chunk of flesh


   Skills:
 + Level 6.5 Fighting
 + Level 8.7 Maces & Flails
 + Level 7.7 Armour
 + Level 4.0 Dodging
 + Level 1.0 Stealth
 + Level 9.4 Shields


You had 9 spell levels left.
You didn't know any spells.

Dungeon Overview and Level Annotations

Branches:
Dungeon (8/15)             Temple (0/1) D:5
   Lair: D:8-11

Altars:
Ashenzari
Dithmenos
Fedhas
Hepliaklqana
Okawaru
Ru
Sif Muna
Vehumet

Shops:
D:5 =

Annotations:
D:8 ktulu8bugs's ghost, novice BaIE


Innate Abilities, Weirdness & Mutations

You are resistant to torment.
Your stone body is resilient. (AC +7)
You are immune to poison.
You resist negative energy. (rN+)
You are resistant to electric shocks. (rElec)
You can survive without breathing.
You are immune to petrification.
You are immune to rotting.


Message History

Ktulu8bugs's ghost hits you but does no damage.
You sock ktulu8bugs's ghost!
Ktulu8bugs's ghost is heavily damaged.
You block the jelly's attack.
You sock ktulu8bugs's ghost!
Ktulu8bugs's ghost is severely damaged.
Ktulu8bugs's ghost points at you and mumbles some strange words.
You are frozen.
You block the jelly's attack.
You hit ktulu8bugs's ghost.
Ktulu8bugs's ghost is severely damaged.
Ktulu8bugs's ghost whispers, "Meet the emptiness of death!"
Ktulu8bugs's ghost points at you and mumbles some strange words.
The shard of ice hits you!
* * * LOW HITPOINT WARNING * * *
You block the jelly's attack. A chill runs down your spine.
You feel better. You block the jelly's attack.
Ktulu8bugs's ghost gestures at you while chanting.
You are frozen.
You die...

..........#
#.........##
.........#
###.....#....'
#.......#
#......##...##
#.......# #......#
...8#
#.......###......#
...##
#....?....#.....[#
....
#.....#......#
#.WJ..#....(.#
#..@..#......#
##...........#
#.>.........#
#..........##
#.....######
#.....# #[.....
#....(.. #.###.[


You could see a jelly and ktulu8bugs's ghost.

Vanquished Creatures
  A two-headed ogre (D:8)
  The ghost of Donglino the Impaler, a novice MfGl of Okawaru (D:7)
  The ghost of ktulu8bugs the Chiller, a novice BaIE of Ashenzari (Sewer)
  2 hungry ghosts (D:7)
  A phantom (D:6)
  A sky beast (D:6)
  An orc warrior (D:7)
  4 ogres
  A necrophage (D:8)
  An elf zombie (D:8)
  Blork the orc (D:6)
  A bullfrog (D:7)
  5 big kobolds (Sewer)
  2 scorpions (D:7)
  2 wights (D:8)
  7 howler monkeys
  A jelly (D:7)
  3 crimson imps
  A quasit (D:7)
  2 centaur skeletons (D:7)
  4 orc wizards
  7 orc priests
  A hound (D:6)
  A bullfrog skeleton (D:5)
  A human skeleton (D:8)
  3 iguanas
  8 worker ants
  A statue (D:7)
  A hound zombie (D:7)
  A hound skeleton (D:7)
  A worker ant zombie (D:5)
  14 adders
  5 river rats
  An ooze (D:4)
  2 adder zombies (D:7)
  4 worms
  4 dart slugs
  6 leopard geckos
  25 orcs
  4 ball pythons
  8 bats
  9 giant cockroaches
  7 goblins
  7 hobgoblins
  12 jackals
  6 quokkas
  7 frilled lizards
  A jackal skeleton (D:4)
  12 kobolds
  2 quokka skeletons (D:5)
  18 rats
222 creatures vanquished.

Vanquished Creatures (others)
  An orc wizard (D:7)
1 creature vanquished.

Grand Total: 223 creatures vanquished

Notes
Turn   | Place    | Note
-------+----------+-------------------------------------------
     0 | D:1      | polly the Gargoyle Fighter began the quest for the Orb.
     0 | D:1      | Reached XP level 1. HP: 14/14 MP: 1/1
   441 | D:1      | Reached XP level 2. HP: 17/19 MP: 2/2
  1410 | D:2      | Reached XP level 3. HP: 23/23 MP: 1/3
  1664 | D:2      | Found a shattered altar of Ashenzari.
  1734 | D:2      | Reached skill level 4 in Shields
  1784 | D:2      | Reached XP level 4. HP: 29/29 MP: 1/4
  2178 | D:3      | Found a sacrificial altar of Ru.
  2286 | D:3      | Reached XP level 5. HP: 32/33 MP: 1/5
  2381 | D:3      | Found a glowing drain.
  2514 | Sewer    | Entered a sewer
  2756 | Sewer    | Noticed ktulu8bugs's ghost (novice BaIE)
  2769 | Sewer    | HP: 1/49 [ktulu8bugs's ghost/Freeze (16)]
  2784 | Sewer    | Killed ktulu8bugs's ghost
  2784 | Sewer    | Reached skill level 5 in Armour
  2784 | Sewer    | Reached skill level 5 in Shields
  2784 | Sewer    | Reached XP level 6. HP: 38/38 MP: 2/6
  2784 | Sewer    | Reached XP level 7. HP: 43/43 MP: 2/7
  2920 | Sewer    | Reached skill level 6 in Shields
  3381 | Sewer    | Reached XP level 8. HP: 20/48 MP: 2/8
  5294 | D:4      | Found an iron altar of Okawaru.
  5304 | D:4      | Became a worshipper of Warmaster Okawaru
  5494 | D:5      | Entered Level 5 of the Dungeon
  5506 | D:5      | Reached skill level 5 in Maces & Flails
  5588 | D:5      | Found Gorurhin's Jewellery Boutique.
  5662 | D:5      | Found a staircase to the Ecumenical Temple.
  5925 | D:5      | Reached skill level 5 in Fighting
  6007 | D:5      | Reached skill level 7 in Shields
  6397 | D:5      | Found a blossoming altar of Fedhas.
  6974 | D:6      | Reached * piety under Okawaru
  6974 | D:6      | Reached XP level 9. HP: 22/54 MP: 3/9
  7186 | D:6      | Found a hazy altar of Hepliaklqana.
  7217 | D:6      | Reached skill level 1 in Stealth
  7286 | D:6      | Found a sacrificial altar of Ru.
  7386 | D:6      | Noticed Blork the orc
  7416 | D:6      | Killed Blork the orc
  7632 | D:7      | Found a shadowy altar of Dithmenos.
  7735 | D:7      | Reached skill level 8 in Shields
  7779 | D:7      | Found a radiant altar of Vehumet.
  8238 | D:7      | Reached ** piety under Okawaru
  8910 | D:7      | Found a deep blue altar of Sif Muna.
  9021 | D:7      | Noticed Donglino's ghost (novice MfGl)
  9047 | D:7      | Killed Donglino's ghost
  9047 | D:7      | Reached *** piety under Okawaru
  9047 | D:7      | Reached skill level 9 in Shields
  9047 | D:7      | Reached XP level 10. HP: 44/60 MP: 10/10
  9168 | D:8      | Noticed a two-headed ogre
  9190 | D:8      | Killed a two-headed ogre
  9241 | D:8      | Reached **** piety under Okawaru
  9287 | D:8      | Noticed ktulu8bugs's ghost (novice BaIE)
  9307 | D:8      | Killed from afar by ktulu8bugs's ghost

Vault maps used:
D:1:      elethiomel_arrival_infinity_welcomes_careful_drivers
D:2:      old_standard_altar
D:3:      lemuel_crystal_altar, gup_sewer_entry_bowl
D:4:      amethyst_killhole, minmay_misc_feat_doors, kennysheep_okawaru_gauntlet
D:5:      minmay_temple_entry_overgrown, basic_altar, serial_shops, shop,
          first_bread
D:6:      lemuel_round_altar, nicolae_ru_sacrificial_ziggurat,
          uniq_blork_the_orc
D:7:      vehumet_statue, grunt_dithmenos_smoke_and_mirrors, grunt_ogre_cave,
          tgw_sif
D:8:      lemuel_round_altar, lemuel_mausoleum_altar_yredelemnul, uniq_pikel
Sewer:    sewer_co_tree

Skill      XL: |  1  2  3  4  5  6  7  8  9 10 |
---------------+-------------------------------+-----
Shields        | 4 5 6 7 9 |  9.4
Maces & Flails | 3 4 5 7 8 |  8.7
Armour         | 4 5 6 7 |  7.7
Fighting       | 4 5 6 |  6.5
Dodging        | 2 3 4 |  4.0
Stealth        | 1 |  1.0

Action                   |  1- 3 |  4- 6 |  7- 9 | 10-12 || total
-------------------------+-------+-------+-------+-------++-------
Melee: Flail             |    29 |       |    35 |    91 ||   155
       Whip              |   156 |   316 |  1554 |       ||  2026
Throw: Throwing net      |       |       |     2 |       ||     2
  Use: Potion            |       |     6 |       |     1 ||     7
       Scroll            |       |       |    15 |       ||    15
  Eat: Chunk             |     3 |     2 |    11 |     1 ||    17
       Royal jelly       |       |       |     4 |       ||     4
       Meat ration       |       |       |     4 |       ||     4
       Fruit             |       |       |     9 |       ||     9
Armor: Scale mail        |   125 |   117 |   512 |       ||   754
       Skin              |       |    14 |     2 |       ||    16
       Chain mail        |       |       |   148 |    47 ||   195
Dodge: Dodged            |    73 |    77 |   421 |    13 ||   584
Block: Shield            |   106 |   134 |   755 |    52 ||  1047
